 Dungeon Crawl Stone Soup version 0.25-a0-589-g1e14c54 (webtiles) character file.

Game seed: 8901006847184599667, levelgen mode: deterministic

655 Faca the Spear-Bearer (level 7, -2/59 HPs)
             Began as a Merfolk Gladiator on Mar 11, 2020.
             Slain by an iguana (8 damage)
             ... on level 3 of the Dungeon.
             The game lasted 00:09:49 (3693 turns).

Faca the Spear-Bearer (Merfolk Gladiator)           Turns: 3693, Time: 00:09:49

Health: -2/59      AC:  8    Str: 17    XL:     7   Next: 54%
Magic:  7/7        EV: 13    Int:  7    God:
Gold:   129        SH:  0    Dex: 15    Spells: 6/6 levels left

rFire    . . .     SeeInvis .   a - +1 trident
rCold    . . .     Gourm    .   (no shield)
rNeg     . . .     Faith    .   s - +0 ring mail
rPois    .         Spirit   .   c - +1 helmet
rElec    .         Reflect  .   j - +0 cloak
rCorr    .         Harm     .   (no gloves)
MR       .....                  (no boots)
Stlth    +.........             (no amulet)
HPRegen  0.19/turn              (no ring)
MPRegen  0.10/turn              (no ring)

@: no status effects
A: change form in water, swift swim, stealthy swim
a: no special abilities


You were on level 3 of the Dungeon.
You were not hungry.

You visited 1 branch of the dungeon, and saw 3 of its levels.

You collected 129 gold pieces.

Inventory:

Hand Weapons
 a - a +1 trident (weapon)
Missiles
 d - 3 throwing nets (quivered)
Armour
 c - a +1 helmet (worn)
 j - a +0 cloak (worn)
 k - a cursed +0 chain mail
 s - a +0 ring mail (worn)
Jewellery
 h - an uncursed ring of ice
Wands
 b - a wand of paralysis (7)
Scrolls
 g - a scroll of enchant weapon
 m - a scroll of enchant armour
Potions
 i - 2 potions of stabbing {unknown}
 n - 2 potions of brilliance
 o - 2 potions of flight
 p - a potion of cancellation
 q - 2 potions of curing
Comestibles
 f - 4 rations
 l - 5 chunks of flesh


   Skills:
 + Level 6.5 Fighting
 + Level 9.2 Polearms
 - Level 2.0 Throwing
 - Level 4.0 Dodging


You had 6 spell levels left.
You didn't know any spells.
Your spell library contained the following spells:

 Spells                   Type           Power        Failure   Level  Hunger
 Beastly Appendage        Tmut           #.....       65%         1    ##.....
 Magic Dart               Conj           #...         65%         1    ##.....
 Blink                    Tloc           N/A          78%         2    ###....
 Call Imp                 Summ           #.......     78%         2    ###....
 Slow                     Hex            #.......     78%         2    ###....
 Sticks to Snakes         Tmut           #.......     78%         2    ###....
 Conjure Flame            Conj/Fire      #.......     95%         3    ####...
 Mephitic Cloud           Conj/Pois/Air  #.......     95%         3    ####...
 Spider Form              Tmut/Pois      #.........   95%         3    ####...
 Ice Form                 Ice/Tmut       #.......     100%        4    #####..
 Blade Hands              Tmut           #.........   100%        5    ######.


Dungeon Overview and Level Annotations

Branches:
Dungeon (3/15)

Altars:
Nemelex Xobeh
Yredelemnul


Message History

You barely miss the iguana.
The iguana is heavily wounded.
The gnoll hits you from afar with a +0 halberd.
* * * LOW HITPOINT WARNING * * *
The iguana bites you!
* * * LOW HITPOINT WARNING * * *
Okay, then.
Things that are here:
a +0 club x2; a gnoll corpse
There is an open door here.
As you read the scroll labeled ENWUAG WAMAG, it crumbles to dust.
It is a scroll of enchant weapon.
Your +0 trident glows red for a moment.
The iguana bites you but does no damage.
As you read the scroll labeled IJUDIU PEICHAN, it crumbles to dust.
You feel aware of your surroundings.
It was a scroll of magic mapping.
The iguana barely misses you. The gnoll barely misses you.
The iguana closely misses you. The iguana bites you!
You die...

###############################
#......P.......................
#......).......P...............
#....≈))≈≈≈≈≈≈≈≈≈≈≈≈≈≈≈≈≈≈≈≈≈≈≈
#....≈≈≈≈≈≈≈≈≈≈≈≈≈≈≈≈≈≈≈≈≈≈≈≈≈≈
#....≈≈#####≈≈≈≈≈≈≈≈≈†≈≈≈≈≈≈≈≈≈
#....≈≈#..g#...................
#....≈≈#...####################
#..))≈≈###'#..@.'.).....'..'...
#....≈≈≈.#.#.lg.#########''####
#....≈≈≈.#.#....#..............
#....≈≈≈.#.######..............
#...)≈≈≈.#,',,,,'..............
#.P..≈≈≈.#,',,,,'..............
#....≈≈≈.#.##############''####
#..))≈≈≈.#.#.....#######....###
#....≈≈≈.#.#.....')....'....'..


You could see an iguana and a gnoll.

Vanquished Creatures
  An ogre (D:3)
  2 gnoll shamans (D:3)
  37 gnolls (D:3)
  An adder (D:3)
  2 oozes
  2 worms (D:2)
  3 dart slugs
  4 leopard geckos
  5 giant cockroaches
  2 gnoll zombies (D:2)
  11 goblins
  7 hobgoblins
  30 jackals
  3 quokkas
  2 ball pythons
  8 bats
  2 frilled lizards
  11 kobolds
  9 rats
142 creatures vanquished.

Notes
Turn   | Place    | Note
-------+----------+-------------------------------------------
     0 | D:1      | Faca the Merfolk Gladiator began the quest for the Orb.
     0 | D:1      | Reached XP level 1. HP: 16/16 MP: 1/1
   151 | D:1      | Reached XP level 2. HP: 23/23 MP: 2/2
   275 | D:1      | Reached skill level 5 in Polearms
   627 | D:1      | Reached XP level 3. HP: 29/29 MP: 3/3
   975 | D:2      | Found a sparkling altar of Nemelex Xobeh.
  1242 | D:2      | Found a basalt altar of Yredelemnul.
  1287 | D:2      | Reached XP level 4. HP: 29/35 MP: 4/4
  1446 | D:2      | Reached skill level 6 in Polearms
  2084 | D:3      | Reached XP level 5. HP: 42/42 MP: 5/5
  2566 | D:3      | Noticed an ogre
  2616 | D:3      | Reached skill level 7 in Polearms
  2638 | D:3      | Reached XP level 6. HP: 21/50 MP: 6/6
  2643 | D:3      | Reached skill level 5 in Fighting
  2834 | D:3      | Reached skill level 8 in Polearms
  3008 | D:3      | Reached XP level 7. HP: 45/57 MP: 7/7
  3504 | D:3      | Reached skill level 9 in Polearms
  3693 | D:3      | Slain by an iguana

Levels and vault maps discovered:
D:1:      dpeg_arrival_rooms_b, layout_loops_ring, minivault_27,
          corexii_leaking_fountain, grunt_decor_clamped, hangedman_glass_teeth,
          minivault_11, corexii_corridor_pit
D:2:      minmay_thinvault, layout_rooms, lemuel_zombie_altar_yredelemnul,
          nemelex_xobeh_ov_fountains_minmay
D:3:      lemuel_castle_with_subvaults [lemuel_castle_interior_original],
          layout_basic, first_ration

Skill      XL: |  1  2  3  4  5  6  7 |
---------------+----------------------+-----
Polearms       | 5 6 7 8 9 |  9.2
Fighting       | 3 4 5 6 |  6.5
Throwing       | |  2.0
Dodging        | |  4.0

Action                   |  1- 3 |  4- 6 |  7- 9 || total
-------------------------+-------+-------+-------++-------
Melee: Trident           |   109 |   340 |   119 ||   568
       Tailslap          |       |    10 |     5 ||    15
  Use: Scroll            |       |    10 |     2 ||    12
 Stab: Sleeping          |     2 |     3 |       ||     5
  Eat: Chunk             |     1 |     6 |     2 ||     9
Armor: Leather armour    |    21 |    22 |       ||    43
       Ring mail         |       |    64 |    19 ||    83
Dodge: Dodged            |    59 |   253 |    64 ||   376

Table legend:
 A = Non-vault XP
 B = Vault XP
 C = Vault XP percentage of total XP
 D = Non-vault monster count
 E = Vault monster count
 F = Vault count percentage of total count
                 A         B        C        D         E       F
            +---------+---------+-------+---------+---------+-------
      Total |     150 |     786 |  84.0 |      70 |      72 |  50.7
            +---------+---------+-------+---------+---------+-------
        D:1 |      46 |       0 |   0.0 |      22 |       0 |   0.0
        D:2 |      59 |      39 |  39.8 |      33 |      18 |  35.3
        D:3 |      45 |     747 |  94.3 |      15 |      54 |  78.3
            +---------+---------+-------+---------+---------+-------
